 Dungeon Crawl Stone Soup version 0.19.0 (webtiles) character file.

129 Gorglomux the Slasher (level 5, -2/41 HPs)
             Began as a Merfolk Gladiator on Nov 1, 2016.
             Killed by divine providence
             ... invoked by an orc priest
              (13 damage)
             ... on level 4 of the Dungeon.
             The game lasted 00:05:31 (3144 turns).

Gorglomux the Slasher (Merfolk Gladiator)           Turns: 3144, Time: 00:05:32

Health: -2/41      AC:  5    Str: 16    XL:     5   Next: 12%
Magic:  5/5        EV: 14    Int:  7    God:
Gold:   164        SH:  0    Dex: 15    Spells: 0 memorised, 4 levels left

rFire  . . .     SeeInvis .     a - +0 long sword
rCold  . . .     Gourm    .     b - +0 leather armour
rNeg   . . .     Faith    .     (no shield)
rPois  .         Spirit   .     c - +0 helmet
rElec  .         Reflect  .     n - +0 cloak
rCorr  .         Harm     .     (no gloves)
MR     .....                    (no boots)
Stlth  +.........               (no amulet)
                                (no ring)
                                (no ring)

@: no status effects
A: change form in water, swift swim, stealthy swim
a: no special abilities


You were on level 4 of the Dungeon.
You were very hungry.

You visited 1 branch of the dungeon, and saw 4 of its levels.

You collected 164 gold pieces.

Inventory:

Hand Weapons
 a - a +0 long sword (weapon)
Missiles
 d - 3 throwing nets (quivered)
Armour
 b - a +0 leather armour (worn)
 c - a +0 helmet (worn)
 n - a +0 cloak (worn)
Jewellery
 j - an uncursed amulet of regeneration {unknown}
Wands
 u - a wand of lightning (4/15)
Scrolls
 e - a scroll of random uselessness {unknown}
 g - a scroll of fog {unknown}
 h - 2 scrolls of amnesia {unknown}
 i - 6 scrolls of identify {unknown}
 l - 3 scrolls of magic mapping {unknown}
 t - a scroll of enchant weapon {unknown}
Potions
 k - 2 potions of flight {unknown}
 p - a potion of lignification {unknown}
 q - a potion of agility {unknown}
 r - a potion of curing {unknown}
 s - a potion of cure mutation {unknown}
 v - a potion of might {unknown}
Comestibles
 f - 3 bread rations
 m - 5 meat rations
 o - a beef jerky


   Skills:
 + Level 3.5 Fighting
 * Level 5.4 Long Blades
 - Level 2.0 Throwing
 - Level 4.0 Dodging


You had 4 spell levels left.
You didn't know any spells.

Dungeon Overview and Level Annotations

Branches:
Dungeon (4/15)
 Temple: D:4-7

Altars:


Message History

You hit the orc priest.
The orc priest is almost dead.
The orc wizard completely misses you.
The orc priest calls down the wrath of Beogh upon you.
Beogh smites you!
You closely miss the orc wizard. The orc wizard closely misses you.
The orc wizard casts a spell at you. The puff of frost hits you!
The orc hits you with a club.
You barely miss the orc wizard.
The orc priest looks satisfied for a moment.
The orc wizard completely misses you. The orc barely misses you.
You slash the orc wizard!
The orc wizard is heavily wounded.
The orc wizard hits you but does no damage.
The orc wizard casts a spell at you. The magic dart hits you!
* * * LOW HITPOINT WARNING * * *
The orc priest mumbles some strange prayers to Beogh against you.
Beogh smites you!
You die...

.... #...
...
########..
........
..... #oo#
##o# #o@#
#)## ##.#
#>.# #>##
##.# #.##
#.# .##
##.#


You could see an orc priest, an orc wizard and 2 orcs.

Vanquished Creatures
  A worker ant (D:4)
  2 adders (D:2)
  An ooze (D:3)
  2 worms
  A dart slug (D:1)
  2 leopard geckos
  5 orcs
  2 giant cockroaches (D:1)
  4 goblins
  9 hobgoblins
  10 jackals
  2 quokkas (D:2)
  A ball python (D:1)
  4 bats
  4 frilled lizards
  7 kobolds
  4 rats
61 creatures vanquished.

Notes
Turn   | Place    | Note
-------+----------+-------------------------------------------
     0 | D:1      | Gorglomux the Merfolk Gladiator began the quest for the Orb.
     0 | D:1      | Reached XP level 1. HP: 16/16 MP: 1/1
   436 | D:1      | Reached XP level 2. HP: 21/23 MP: 2/2
   556 | D:1      | Reached skill level 4 in Long Blades
   987 | D:1      | Reached XP level 3. HP: 25/28 MP: 3/3
  1616 | D:2      | Reached XP level 4. HP: 25/35 MP: 4/4
  2140 | D:2      | Reached skill level 5 in Long Blades
  3093 | D:4      | Reached XP level 5. HP: 39/41 MP: 5/5
  3144 | D:4      | Killed from afar by an orc priest

Skill      XL: |  1  2  3  4 |
---------------+-------------+-----
Long Blades    | 4 5 |  5.4
Fighting       | 3 |  3.5
Throwing       | |  2.0
Dodging        | |  4.0

Action                   |  1- 3 |  4- 6 || total
-------------------------+-------+-------++-------
Melee: Long sword        |   111 |    86 ||   197
       Tailslap          |     1 |       ||     1
  Eat: Chunk             |     2 |     4 ||     6
Armor: Leather armour    |    31 |    30 ||    61
Dodge: Dodged            |    67 |    70 ||   137
       Rpst.: Long sword |    22 |    19 ||    41
